Description

TvT Bunny vs Innovation HSC

Replay - Bunny v lIIllllIIlll: Game 4 - Dreamcatcher LE

Build Order

Get SALT Encoding   

  12  0:00  SCV  
  13  0:12  SCV  
  14  0:17  Supply Depot  
  14  0:24  SCV  
  14  0:27  Refinery  
  15  0:38  SCV  
  16  0:44  Barracks  
  16  0:50  SCV  
  16  0:54  Refinery  
  17  1:02  SCV  
  18  1:15  SCV  
  19  1:31  Orbital Command  
  19  1:32  Factory  
  19  1:35  Reaper  Remove 3 Scvs from gas
  20  1:43  Supply Depot  
  20  1:56  SCV  
  21  2:07  Reaper  
  22  2:08  SCV  
  23  2:16  Hellion  
  23  2:21  SCV  
  26  2:25  Command Center  
  27  2:37  Hellion  
  27  2:40  Barracks Reactor  
  29  2:46  Starport  
  30  2:52  Supply Depot  
  31  2:58  Factory Tech Lab  
  31  3:17  Cyclone  
  35  3:24  Refinery, Starport Tech Lab  
  36  3:29  Marine x2  
  38  3:38  Orbital Command  
  39  3:42  Raven  
  41  3:49  Marine x2  
  44  3:56  Siege Tank  
  48  4:07  Supply Depot  
  48  4:09  Marine x2  
  53  4:23  Supply Depot  
  53  4:29  Siege Tank  
  58  4:34  Viking x2  
  64  4:50  Stimpack  
  64  4:56  Refinery  
  66  5:01  Marine, Siege Tank  
  70  5:13  Viking x2  
  83  5:43  Viking  
  83  5:48  Viking  
  86  5:57  Command Center  
  88  6:13  Viking  
  88  6:18  Viking  
  75  6:21  Siege Tank  
  74  6:26  Liberator  
  74  6:27  Engineering Bay x2  
  74  6:29  Marine  
  74  6:31  Liberator  
  80  6:48  Marine  
  86  6:56  Terran Infantry Armor Level 1, Terran Infantry Weapons Level 1  
  86  6:58  Siege Tank  
  86  7:00  Barracks x2  
  91  7:05  Combat Shield  
  91  7:06  Marine  
  92  7:10  Orbital Command  
  94  7:23  Barracks x2  
  94  7:28  Refinery x2  
  97  7:30  Siege Tank  
  104  7:43  Armory  
  103  7:49  Barracks Reactor x2  
  104  7:55  Viking  
  101  8:09  Siege Tank  
  103  8:16  Barracks Reactor x2  
  106  8:26  Medivac x2  
  109  8:41  Siege Tank  
  107  8:48  Command Center  
  99  8:50  Sensor Tower  
  99  8:54  Terran Infantry Weapons Level 2  
  103  8:56  Medivac x2  
  108  9:04  Terran Infantry Armor Level 2  
  117  9:19  Siege Tank  
  120  9:26  Viking  
  129  9:36  Terran Vehicle Weapons Level 1  
  139  9:54  Siege Tank  
Spawning Tool Build Advisor. Get it on Overwolf

Go to:

Details

  • Created by: SpaceMarine
  • Published on: Dec 09, 2018
  • Modified on: Dec 09, 2018
  • Patch: 4.7.1
Show
View Real Time Build Order
Export as new Build Order

Comments (0)

There are no comments. Be the first!

Create an account to comment!